AoeStats
← [LCDR] Alone

Lombardia

510197989Analyzed
4v4 RM · 3d ago on Sep 29, 2026· 85m 20s· 8 players
Game mode
Random Map
Map size
Large (8 player)
Population
200
Speed
Normal
Resources
Standard
Victory
Conquest
Starting age
Dark Age
Ending age
Imperial Age
RankedLock teamsTeams togetherTeam positionsShared explorationLock speedFull tech treeHidden civsTurbo modeCheats
Victory
Defeat
🇩🇪 Vikings · Germany
1441
+15
🇵🇪 Lithuanians · Peru
1409
+16
🇦🇷 Persians · Argentina
1395
+17
🇩🇪 Celts · Germany
1373
+18
🇧🇷 Huns · Brazil
1603
-25
🇧🇷 Magyars · Brazil
1418
-17
🇧🇷 Khmer · Brazil
1414
-16
🇧🇷 Vietnamese · Brazil
1205
-8
Comend x comend
11:39 Feudal Age
15:36 Castle Age
14:10 Horse Collar
17:01 Loom
27:23 Pikeman
29:00 Wheelbarrow
29:47 Heavy Plow
29:41 Double-Bit Axe
32:50 Gold Mining
36:25 Imperial Age
34:44 Bloodlines
34:35 Husbandry
37:44 Hand Cart
37:14 Cavalier
38:41 Scale Barding Armor
38:47 Forging
38:49 Stone Mining
40:17 Paladin
42:46 Chain Barding Armor
43:02 Iron Casting
46:56 Caravan
50:04 Plate Barding Armor
52:58 Bow Saw
57:54 Fortified Wall
72:48 Crop Rotation
Thronx
11:14 Feudal Age
10:00 Loom
15:37 Castle Age
14:41 Double-Bit Axe
16:37 Bow Saw
17:51 Horse Collar
21:02 Stone Mining
22:54 Heavy Plow
23:38 Wheelbarrow
23:45 Wheelbarrow
23:33 Scale Mail Armor
25:04 Pikeman
26:27 Chain Mail Armor
26:08 Gold Mining
27:35 Hand Cart
32:44 Imperial Age
30:00 Town Watch
30:57 Stone Shaft Mining
30:58 Gold Shaft Mining
31:11 Forging
31:36 Fortified Wall
32:35 Iron Casting
31:47 Arson
32:55 Capped Ram
34:09 Plate Mail Armor
33:03 Halberdier
34:47 Blast Furnace
36:54 Siege Engineers
37:10 Ballistics
37:51 Chemistry
37:32 Siege Ram
38:38 Furor Celtica
40:27 Conscription
39:28 Elite Woad Raider
40:27 Masonry
41:13 Coinage
41:00 Caravan
42:09 Hoardings
41:26 Stronghold
42:35 Heavy Scorpion
43:50 Banking
48:09 Man-at-Arms
48:40 Gambesons
48:54 Long Swordsman
50:20 Two-Handed Swordsman
52:14 Town Patrol
53:13 Onager
53:43 Champion
55:22 Fletching
57:01 Siege Onager
rikardo_latino
0:31 Loom
13:37 Feudal Age
19:24 Town Watch
22:23 Castle Age
22:01 Double-Bit Axe
22:30 Pikeman
27:43 Scale Barding Armor
27:41 Scale Mail Armor
27:52 Forging
31:08 Bow Saw
34:29 Chain Mail Armor
34:50 Iron Casting
35:59 Chieftains
37:36 Stone Mining
37:36 Gold Mining
37:29 Horse Collar
44:25 Imperial Age
42:05 Squires
41:50 Arson
44:12 Gold Shaft Mining
44:28 Capped Ram
45:59 Plate Mail Armor
46:32 Conscription
48:52 Elite Berserk
50:11 Siege Ram
52:12 Blast Furnace
51:03 Fletching
52:52 Elite Skirmisher
55:02 Padded Archer Armor
54:57 Bodkin Arrow
56:00 Ballistics
56:41 Chemistry
56:55 Bracer
57:10 Leather Archer Armor
58:59 Chieftains
59:52 Ring Archer Armor
60:59 Murder Holes
61:15 Masonry
65:09 Two-Man Saw
68:10 Hoardings
68:56 Caravan
Lordbaldomero23
8:22 Loom
10:33 Feudal Age
14:14 Castle Age
12:22 Double-Bit Axe
12:28 Horse Collar
14:58 Bow Saw
20:03 Heavy Plow
22:42 Wheelbarrow
25:36 Hand Cart
25:28 Gold Mining
31:03 Imperial Age
28:45 Scale Barding Armor
28:30 Town Watch
29:20 Bloodlines
29:54 Chain Barding Armor
30:00 Husbandry
29:39 Light Cavalry
32:27 Two-Man Saw
31:59 Crop Rotation
32:07 Plate Barding Armor
31:32 Heavy Camel Rider
33:15 Gold Shaft Mining
32:33 Stone Mining
34:12 Forging
35:29 Iron Casting
39:07 Blast Furnace
40:30 Hussar
53:41 Coinage
53:18 Cavalier
54:35 Caravan
54:59 Savar
[LCDR] ScOrPiOn II
8:15 Loom
10:38 Feudal Age
11:19 Double-Bit Axe
14:17 Scale Barding Armor
14:23 Horse Collar
23:10 Castle Age
21:23 Gold Mining
23:29 Bloodlines
25:03 Husbandry
25:26 Chain Barding Armor
27:57 Wheelbarrow
31:43 Heavy Plow
34:38 Stone Mining
40:08 Imperial Age
40:14 Hand Cart
40:12 Cavalier
40:43 Fletching
41:31 Plate Barding Armor
42:17 Conscription
41:51 Paladin
45:05 Elite Magyar Huszar
46:51 Corvinian Army
54:35 Bow Saw
54:47 Town Watch
72:10 Ballistics
72:51 Chemistry
75:56 Pikeman
78:08 Siege Engineers
77:50 Halberdier
[LCDR] Alone
6:15 Loom
8:36 Feudal Age
9:20 Double-Bit Axe
12:32 Horse Collar
18:41 Gold Mining
21:27 Castle Age
22:57 Bow Saw
24:21 Heavy Plow
25:05 Wheelbarrow
29:51 Imperial Age
28:09 Scale Barding Armor
29:22 Forging
30:18 Bloodlines
30:08 Husbandry
30:54 Chain Barding Armor
30:56 Conscription
31:08 Marauders
30:49 Elite Tarkan
32:46 Bloodlines
32:37 Husbandry
33:59 Plate Barding Armor
34:46 Iron Casting
37:17 Blast Furnace
37:26 Fletching
37:17 Heavy Cavalry Archer
38:22 Parthian Tactics
38:35 Ballistics
38:17 Padded Archer Armor
38:52 Bodkin Arrow
40:19 Bracer
40:35 Leather Archer Armor
41:22 Chemistry
40:28 Thumb Ring
42:36 Caravan
43:22 Light Cavalry
44:08 Hussar
49:44 Capped Ram
49:46 Elite Skirmisher
50:36 Siege Ram
51:26 Imperial Skirmisher
56:13 Two-Man Saw
59:00 Hand Cart
59:48 Cavalier
61:15 Paladin
TitinhoLumbriga
7:29 Loom
9:52 Feudal Age
10:32 Double-Bit Axe
10:51 Horse Collar
21:37 Castle Age
22:59 Wheelbarrow
23:44 Heavy Plow
24:35 Hand Cart
24:50 Town Watch
34:23 Imperial Age
32:42 Gold Mining
32:44 Stone Mining
33:36 Bow Saw
34:55 Fletching
36:10 Chemistry
35:30 Ballistics
35:14 Padded Archer Armor
35:41 Bodkin Arrow
36:20 Conscription
35:29 Heavy Scorpion
37:20 Pikeman
37:46 Arson
39:03 Halberdier
39:45 Scale Mail Armor
39:57 Forging
39:48 Bracer
40:49 Caravan
41:28 Chain Mail Armor
42:36 Iron Casting
42:13 Capped Ram
43:39 Coinage
43:39 Double Crossbow
44:20 Bloodlines
44:10 Husbandry
46:01 Elite Ballista Elephant
50:14 Tusk Swords
50:51 Hoardings
50:30 Masonry
51:11 Crop Rotation
50:03 Light Cavalry
50:46 Hussar
51:33 Scale Barding Armor
52:29 Blast Furnace
51:45 Leather Archer Armor
54:13 Elite Battle Elephant
55:53 Parthian Tactics
64:30 Banking
70:23 Siege Ram
83:52 Ring Archer Armor
83:43 Chain Barding Armor
Pituhepertuba_
5:53 Loom
11:15 Feudal Age
11:49 Double-Bit Axe
18:43 Castle Age
17:02 Forging
17:11 Horse Collar
17:56 Scale Barding Armor
18:26 Bloodlines
18:49 Gold Mining
32:39 Town Watch
40:29 Wheelbarrow
40:35 Wheelbarrow
44:25 Imperial Age
42:16 Chain Barding Armor
42:31 Iron Casting
42:00 Fletching
42:38 Ballistics
42:31 Padded Archer Armor
42:39 Caravan
42:14 Crossbowman
42:59 Thumb Ring
42:50 Bodkin Arrow
43:52 Leather Archer Armor
44:44 Bow Saw
44:35 Heavy Plow
44:29 Arbalester
45:10 Bracer
46:12 Chemistry
46:07 Ring Archer Armor
51:34 Elite Skirmisher
51:46 Light Cavalry
54:48 Chatras
55:08 Paper Money
55:30 Fortified Wall
55:16 Murder Holes
59:50 Iron Casting
59:15 Scale Mail Armor
59:41 Siege Engineers
73:15 Town Patrol
73:31 Hand Cart
74:17 Two-Man Saw
73:47 Crop Rotation
76:09 Elite Fire Lancer
77:20 Chain Mail Armor
79:34 Plate Mail Armor
79:37 Arson
79:53 Squires
Connection lost

Rejoining the realm…

Still unreachable

The connection could not be restored.

Session expired

The server has moved on; the page needs a fresh start.